 Dungeon Crawl Stone Soup version 0.13.0-59-g13bd910 (webtiles) character file.

56 Chiseanne the Caller (level 2, -1/11 HPs)
             Began as a Felid Summoner on Nov 21, 2013.
             Succumbed to a kobold's poison
             ... on Level 1 of the Dungeon.
             The game lasted 00:02:17 (636 turns).

Chiseanne the Caller (Felid Summoner)                Turns: 636, Time: 00:02:17

HP  -1/11        AC  1     Str  4      XL: 2   Next: 27%
MP   5/5         EV 18     Int 16      God:
Gold 42          SH  0     Dex 16      Spells:  2 memorised,  0 levels left
Lives: 0, deaths: 0

Res.Fire  : . . .   See Invis. : +   (weapon unavailable)
Res.Cold  : . . .   Warding    : .   (armour unavailable)
Life Prot.: . . .   Conserve   : .   (shield unavailable)
Res.Poison: .       Res.Corr.  : .   (helmet unavailable)
Res.Elec. : .       Clarity    : .   (cloak unavailable)
Sust.Abil.: . .     Spirit.Shd : .   (gloves unavailable)
Res.Mut.  : .       Stasis     : .   (boots unavailable)
Res.Rott. : .       Flight     : .   (no amulet)
Saprovore : . . .                    (no ring)
                                     (no ring)

@: very poisoned, quick, slightly resistant to hostile enchantments, stealthy
A: paw claws, no armour, no advanced items, fangs 3, see invisible, carnivore 3,
speed 1, slow metabolism 1, AC +1
a: no special abilities


You were on level 1 of the Dungeon.
You were not hungry.

You visited 1 branch of the dungeon, and saw 1 of its levels.

You collected 22 gold pieces.

Inventory:

Comestibles
 c - a meat ration
Scrolls
 d - 3 scrolls of fear {unknown}
 f - 2 scrolls of blinking {unknown}
Potions
 a - a potion of brilliance {unknown}
 e - a potion of might {unknown}
Books
 b - a book of Callings

   Spells                             Type                      Level
   *Summon Small Mammal               Summoning                    1
   *Call Imp                          Summoning                    2
   Call Canine Familiar               Summoning                    3
   Summon Scorpions                   Summoning/Poison             4
   Summon Ice Beast                   Ice/Summoning                4


   Skills:
 * Level 0.8 Fighting
 * Level 2.6 Dodging
 * Level 2.6 Stealth
 * Level 0.4 Unarmed Combat
 * Level 1.0 Spellcasting
 * Level 4.3 Summonings


You couldn't memorise any spells.
You knew the following spells:

 Your Spells              Type           Power        Failure   Level  Hunger
a - Summon Small Mammal   Summ           ##..         4%          1    ##.....
b - Call Imp              Summ           ##........   8%          2    ###....


Dungeon Overview and Level Annotations

Branches:
Dungeon (1/27)

Altars:


Innate Abilities, Weirdness & Mutations

You cannot wear armour.
You are incapable of any advanced item manipulation.
Your paws have sharp claws.
You have razor-sharp teeth.
You have supernaturally acute eyesight.
You are carnivorous and can eat meat at any time.
You cover ground quickly.
You are covered in fur (AC +1).
You have a slow metabolism.


Message History

The ball python begins to bleed from its wounds!
You bite the ball python.
You kill the ball python!
You see here a ball python corpse.
You see here a ball python corpse.
You see here a rat corpse.
f - 2 scrolls labeled UDARHEF ETISM (gained 1)
You see here a ball python corpse.
d - 3 scrolls labeled QUZ USCHUCLUAPA (gained 2)
A kobold comes into view. It is wielding a dwarven short sword.
The kobold shouts!
The kobold throws a poisoned dart.
The poisoned dart hits you!
You are poisoned.
You feel sick.
The kobold throws a poisoned dart.
The poisoned dart misses you.
Found a stone staircase leading down.
You feel sick.
The kobold throws a poisoned dart.
The poisoned dart hits you!
You are more poisoned.
* * * LOW HITPOINT WARNING * * *
You see here a poisoned dart.
You die...

. ##.....#
#......##. ##
#..(....... ..
#..######.# #.
#..# # #.#####..#
#.......(#####
#..............
#K.@(...######
...>..............
......##########
######


You could see a kobold.

Vanquished Creatures
  4 bats (D:1)
  A goblin (D:1)
  3 hobgoblins (D:1)
  A ball python (D:1)
  A giant gecko (D:1)
  2 giant newts (D:1)
  A kobold (D:1)
  A rat (D:1)
14 creatures vanquished.

Notes
Turn   | Place    | Note
--------------------------------------------------------------
     0 | D:1      | Chiseanne, the Felid Summoner, began the quest for the Orb.
     0 | D:1      | Reached XP level 1. HP: 7/7 MP: 4/4
   525 | D:1      | Reached XP level 2. HP: 11/11 MP: 5/5
   529 | D:1      | Learned a level 2 spell: Call Imp
   636 | D:1      | Succumbed to a kobold's poison

Action                   || total
-------------------------++-------
Melee: Unarmed           ||    36
 Stab: Sleeping          ||     3
